 Dungeon Crawl Stone Soup version 0.29.1-15-g9cfb28693d (webtiles) character file.

Game seed: 7763006441952131299

41 vishdafish the Conjurer (level 3, 0/24 HPs)
             Began as a Demonspawn Conjurer on Mar 29, 2023.
             Slain by a gnoll
             ... wielding a +0 halberd
              (10 damage)
             ... on level 2 of the Dungeon.
             The game lasted 00:01:11 (1267 turns).

vishdafish the Conjurer (Demonspawn Conjurer)       Turns: 1267, Time: 00:01:12

Health: 0/24       AC:  2    Str:  7    XL:     3   Next: 32%
Magic:  4/7        EV: 12    Int: 21    God:
Gold:   48         SH:  0    Dex: 11    Spells: 6/7 levels left

rFire   . . .      SeeInvis .   c - +0 morningstar
rCold   . . .      Faith    .   (no shield)
rNeg    . . .      Spirit   .   a - +0 robe
rPois   .          Reflect  .   (no helmet)
rElec   .          Harm     .   (no cloak)
rCorr   .          Rampage  .   (no gloves)
Will    .....                   (no boots)
Stlth   ++........              (no amulet)
HPRegen 0.08/turn               (no ring)
MPRegen 0.10/turn               (no ring)

@: no status effects
A: claws 1
a: no special abilities


You were on level 2 of the Dungeon.
You visited 1 branch of the dungeon, and saw 2 of its levels.

You collected 48 gold pieces.

Inventory:

Hand Weapons
 c - a +0 morningstar (weapon)
Armour
 a - a +0 robe (worn)
Scrolls
 e - a scroll of identify {unknown}
Potions
 b - a potion of magic
 d - a potion of haste {unknown}


   Skills:
 - Level 1.8 Dodging
 - Level 1.8 Stealth
 + Level 2.8 Spellcasting
 + Level 4.6 Conjurations


You had 6 spell levels left.
You knew the following spells:

 Your Spells              Type           Power      Damage    Failure   Level
a - Magic Dart            Conj           88%        1d7       1%          1

Your spell library contained the following spells:

 Spells                   Type           Power      Damage    Failure   Level
 Searing Ray              Conj           44%        2d6       3%          2
 Dazzling Flash           Conj/Hex       24%        N/A       16%         3
 Blink                    Tloc           6%         N/A       21%         2
 Fulminant Prism          Conj/Hex       6%         3d7       45%         4
 Iskenderun's Mystic Bla  Conj/Tloc      12%        2d5       45%         4
 Manifold Assault         Tloc           3%         N/A       98%         5
 Storm Form               Tmut/Air       1%         N/A       100%        7


Dungeon Overview and Level Annotations

Branches:
Dungeon (2/15)

Altars:


Innate Abilities, Weirdness & Mutations

You have sharp fingernails.


Message History

A gnoll and a rat come into view.
Found 6 stones.
There are monsters nearby!
There are monsters nearby!
The magic dart hits the gnoll!
The gnoll is heavily wounded.
The gnoll shouts!
The magic dart hits the gnoll.
The gnoll is heavily wounded.
The magic dart hits the gnoll.
The gnoll is severely wounded.
The magic dart hits the gnoll.
The gnoll is almost dead.
The gnoll closely misses you.
The magic dart hits the gnoll.
You kill the gnoll!
A gnoll comes into view. It is wielding a +0 halberd.
The gnoll throws a throwing net.
The throwing net hits you.
You become entangled in the net!
Things that are here:
a throwing net; a +0 club You struggle against the net.
A gnoll comes into view. It is wielding a +0 club.
You tear a large gash into the net.
The gnoll hits you from afar with a +0 halberd!
You shred the net and break free! The gnoll barely misses you.
The rat attacks as you move away! The rat barely misses you.
The rat attacks as you move away! The rat bites you but does no damage.
The rat attacks as you move away! The rat bites you.
The rat attacks as you move away! The rat completely misses you.
Things that are here:
a jackal corpse; a jackal corpse The rat attacks as you move away!
The rat closely misses you. The rat attacks as you move away!
The rat bites you but does no damage. The rat attacks as you move away!
The rat bites you. The rat attacks as you move away! The rat bites you.
There is a stone staircase leading up here.
The rat bites you.
The gnoll hits you from afar with a +0 halberd!
You die...

#.........##.#.#.######)#####
#......................g.....
#.........####.##.###.#.#####
#......##.####.##.# #.#.#
#......##......##.# #.#..
#####......##..###.##.# #.#...
......##+####..# #.##†# #.#....
#.###.##.####..######.###.#.....
#..............#@rg....##........
#.###.##.####..###.....##.#
.†......# #..........##.#
.###.#### #.#####.......# #.# #.#
#....#### #.# ### #.(..# #..
#....# ### #....# #....#


You could see a gnoll and a rat.

Vanquished Creatures
  A gnoll (D:2)
  4 bats (D:1)
  An endoplasm (D:1)
  A giant cockroach (D:1)
  A goblin (D:1)
  A hobgoblin (D:1)
  3 jackals (D:2)
  2 quokkas (D:1)
  5 ball pythons (D:1)
  A frilled lizard (D:2)
  2 kobolds (D:1)
  8 rats
  A spectral kobold (D:1)
31 creatures vanquished.

Notes
Turn   | Place    | Note
-------+----------+-------------------------------------------
     0 | D:1      | vishdafish the Demonspawn Conjurer began the quest for the
                  | Orb.
     0 | D:1      | Reached XP level 1. HP: 13/13 MP: 3/3
   373 | D:1      | Gained mutation: You have sharp fingernails. [demonic
                  | ancestry]
   373 | D:1      | Reached XP level 2. HP: 19/19 MP: 1/5
   539 | D:1      | Found a faded altar of an unknown god.
  1088 | D:2      | Reached XP level 3. HP: 24/24 MP: 0/7
  1267 | D:2      | Slain by a gnoll

Illustrated notes

Levels and vault maps discovered:
D:1:      dpeg_chamrin_arrival_tetris, layout_rooms,
          dreamdust_ecumenical_altar_drowned_temple
D:2:      layout_basic

Action                   || total
-------------------------++-------
Melee: Unarmed           ||     4
       Morningstar       ||     4
 Cast: Magic Dart        ||    58
Armor: Robe              ||     4
Dodge: Dodged            ||     8
